 Dungeon Crawl Stone Soup version 0.32-a0-779-g362cfcae2a (webtiles) character file.

Game seed: 10185075067825486892

806 ezpacito the Trooper (level 7, -7/51 (55) HPs)
             Began as a Coglin Chaos Knight on Mar 20, 2024.
             Was a Plaything of Xom.
             Mangled by Edmund
             ... wielding a +3 flail of protection
              (18 damage)
             ... on level 5 of the Dungeon.
             The game lasted 00:04:28 (3976 turns).

ezpacito the Trooper (Coglin Chaos Knight)          Turns: 3976, Time: 00:04:28

HP:   -7/51 (55)    AC: 11    Str: 14      XL:     7   Next: 91%
MP:   9/9           EV:  8    Int: 11      God:    Xom [.....*]
Gold: 232           SH:  0    Dex: 13 (14) Spells: 4/9 levels left

rFire   + + .        a - +1 hand axe (chaos) {Arnulf}
rCold   x . .        j - +0 dagger {Huemac}
rNeg    . . .        b - +0 fire dragon scales
rPois   .            (no helmet)
rElec   .            o - +0 cloak
rCorr   .            r - +0 pair of gloves
SInv    .            (no boots)
Will    .....        (amulet unavailable) Stlth
                     (ring unavailable)
HPRegen 0.28/turn    (ring unavailable)
MPRegen 0.11/turn    (no gizmo)

%: no passive effects
@: confused, mighty, drained
A: off-hand wielding, slow wielding, warmup strikes, no jewellery
a: Invent Gizmo, Renounce Religion


You were on level 5 of the Dungeon.
You worshipped Xom.
You were Xom's teddy bear.
You visited 2 branches of the dungeon, and saw 6 of its levels.

You collected 232 gold pieces.

Inventory:

Hand Weapons
 a - a +1 hand axe of chaos (weapon) {Arnulf}
 g - a +0 war axe
 j - a +0 dagger (offhand) {Huemac}
Missiles
 c - 2 poisoned darts (quivered)
Armour
 b - +0 fire dragon scales (worn)
 o - a +0 cloak (worn)
 r - a +0 pair of gloves (worn)
 s - a +0 chain mail
Scrolls
 e - a scroll of immolation
 f - 2 scrolls of torment
 i - a scroll of poison
 m - 2 scrolls of fog
Potions
 d - a potion of might
 h - 2 potions of brilliance


   Skills:
 * Level 4.5 Fighting
 * Level 4.5(4.8) Axes
 + Level 2.0(3.3) Polearms
 * Level 3.5 Armour
 * Level 3.2 Dodging
 + Level 1.8 Stealth
 + Level 1.6 Spellcasting
 + Level 1.3 Alchemy
 + Level 2.4 Evocations


You had 4 spell levels left.
You knew the following spells:

 Your Spells              Type           Power      Damage    Failure   Level
a - Mercury Vapours       Alch/Air       4%         N/A       88%         2
x - Mephitic Cloud        Conj/Alch/Air  1%         N/A       99%         3

Your spell library contained the following spells:

 Spells                   Type           Power      Damage    Failure   Level
 Slow                     Hex            0%         N/A       86%         1
 Confusing Touch          Hex            0%         N/A       99%         3
 Vampiric Draining        Necr           0%         2d6       99%         3
 Freezing Cloud           Conj/Ice/Air   0%         6-21      100%        5


Dungeon Overview and Level Annotations

Branches:
Dungeon (5/15)             Temple (1/1) D:4

Altars:
Ashenzari
Cheibriados
Dithmenos
Gozag
Hepliaklqana
Kikubaaqudgha
Makhleb
Okawaru
Ru
Sif Muna
Trog
Uskayaw
Vehumet
Zin

Annotations:
D:5 Edmund, Eustachio, Grinder, Ijyb


Innate Abilities, Weirdness & Mutations

You can wield a second weapon in your off-hand.
It takes a long time for you to wield or remove held weapons.
Your first few attacks do less damage.
You cannot equip rings or amulets.


Message History

You take 2 damage, and have 18/54 hp.
You closely miss the ufetubus with your +0 dagger.
You slash the ufetubus with your +1 hand axe of chaos!
You freeze the ufetubus.
You kill the ufetubus!
The ufetubus disappears in a puff of smoke!
You slash the ufetubus with your +1 hand axe of chaos!
The ufetubus is poisoned.
The ufetubus barely misses you.
The ufetubus hits you but does no damage.
You hit Eustachio with your +1 hand axe of chaos.
Eustachio is moderately wounded.
You miss the ufetubus with your +1 hand axe of chaos.
You barely miss Eustachio with your +0 dagger.
You kill the ufetubus!
The ufetubus disappears in a puff of smoke!
Eustachio hits you with a +2 rapier of draining.
You feel drained.
You take 1 damage, and have 18/53 hp.
You puncture Eustachio with your +0 dagger!
Eustachio is heavily wounded.
You slash Eustachio with your +1 hand axe of chaos!
Eustachio blinks!
Eustachio mumbles some strange words.
Eustachio blinks!
Eustachio gestures wildly while chanting.
Edmund says, "I'm quite good with sums, too."
You aren't carrying any items that you can evoke.
Unknown command.
As you read the scroll of fog, it dissolves into smoke.
Xom titters.
You are confused.
You are now Xom's teddy bear.
Eustachio hits you with a +2 rapier of draining!
* * * LOW HITPOINT WARNING * * *
You feel drained.
* * * LOW HITPOINT WARNING * * *
Edmund hits you with a +3 flail of protection!!
You die...
Edmund says, "I'd like to see a scythe do that!"
Xom bursts into laughter!

### ## #.. . #
#§#.# #.##§#§#
#.§§§§§##
####§##§##########
#@@@#.##......#
####.# #...$..#
###§###......#
#§§§.§§....[.#
#.#.##.....@.#
#§#§##.@.b..b# #.
#.......# #.
#.#@#.#.#
.....#...# #


You could see Edmund (strong) and Eustachio.

Vanquished Creatures
  An ogre (D:4)
  A phantom (D:5)
  5 killer bees (D:4)
  A howler monkey (D:4)
  A jelly (D:5)
  3 hounds
  A sleepcap (D:4)
  Natasha (D:2)
  An orc wizard (D:3)
  3 adders
  A ribbon worm (D:2)
  3 dart slugs
  13 orcs
  7 endoplasms
  5 giant cockroaches
  4 hobgoblins
  12 jackals
  5 kobolds
  A quokka (D:1)
  13 ball pythons
  4 bats
  7 frilled lizards
  5 goblins
  A rat (D:1)
99 creatures vanquished.

Vanquished Creatures (collateral kills)
  A hound (D:4)
  A bombardier beetle (D:5)
  A giant cockroach (D:4)
3 creatures vanquished.

Vanquished Creatures (others)
  A ball python zombie (D:4)
1 creature vanquished.

Grand Total: 103 creatures vanquished

Notes
Turn   | Place    | Note
-------+----------+-------------------------------------------
     0 | D:1      | ezpacito the Coglin Chaos Knight began the quest for the
                  | Orb.
     0 | D:1      | Reached XP level 1. HP: 18/18 MP: 1/1
    28 | D:1      | Reached skill level 1 in Dodging
   136 | D:1      | XOM: divination: magic mapping
   138 | D:1      | Reached XP level 2. HP: 24/24 MP: 2/2
   681 | D:1      | Found a faded altar of an unknown god.
   792 | D:2      | Reached XP level 3. HP: 21/29 MP: 3/3
   877 | D:2      | Noticed Natasha
   884 | D:2      | Killed Natasha
   885 | D:2      | Reached XP level 4. HP: 29/35 MP: 4/4
  1137 | D:2      | XOM: noise
  1477 | D:3      | XOM: silly message
  1490 | D:3      | Reached skill level 1 in Polearms
  1493 | D:3      | Reached XP level 5. HP: 32/41 MP: 4/6
  1497 | D:3      | Reached skill level 1 in Evocations
  1654 | D:3      | Reached skill level 1 in Stealth
  2319 | D:3      | XOM: silly message
  2330 | D:3      | XOM: divination: magic mapping
  2415 | D:4      | XOM: divination: detect items
  2438 | D:4      | Noticed an ogre
  2445 | D:4      | Killed an ogre
  2446 | D:4      | Reached skill level 1 in Spellcasting
  2446 | D:4      | Reached XP level 6. HP: 44/48 MP: 7/7
  2476 | D:4      | Learned a level 2 spell: Mercury Vapours
  2480 | D:4      | Learned a level 3 spell: Mephitic Cloud
  2596 | D:4      | Found a staircase to the Ecumenical Temple.
  2638 | Temple   | Entered the Ecumenical Temple
  2665 | D:4      | XOM: 2-stop teleportation journey
  2702 | D:4      | XOM: cast spell 'Summon Small Mammal'
  2975 | D:4      | XOM: smoke on damage
  2977 | D:4      | Reached XP level 7. HP: 46/54 MP: 8/8
  3234 | D:4      | XOM: cast spell 'Summon Small Mammal'
  3239 | D:4      | XOM: potion effect (invisibility)
  3245 | D:4      | Reached skill level 1 in Alchemy
  3641 | D:5      | Entered Level 5 of the Dungeon
  3686 | D:5      | XOM: divination: detect items
  3719 | D:5      | Noticed Eustachio
  3720 | D:5      | Noticed Ijyb
  3726 | D:5      | XOM: enchant monster (bad)
  3909 | D:5      | XOM: scenery: summon butterflies
  3917 | D:5      | XOM: summons friendly shadow imp
  3933 | D:5      | Noticed Edmund
  3938 | D:5      | Noticed Grinder
  3942 | D:5      | XOM: butterfly on damage
  3948 | D:5      | XOM: torment (6/54 hp)
  3976 | D:5      | XOM: confusion
  3976 | D:5      | Mangled by Edmund

Illustrated notes

Levels and vault maps discovered:
D:1:      roadster_arrival_rocket_large, layout_basic,
          shapermc_ecumenical_altar_mp_highgroup
D:2:      layout_loops_ring, minmay_split_cup_large, uniq_natasha
D:3:      layout_basic
D:4:      cheibrodos_quashed, layout_basic, minmay_temple_entry_offerings
D:5:      layout_loops_cross, nicolae_overflow_hidden_temple,
          mainiacjoe_overflow_alcove_1, dk_noncrumbling_3, uniq_edmund,
          uniq_ijyb, uniq_eustachio, uniq_grinder
Temple:   nicolae_temple_bog_church

Skill      XL: |  1  2  3  4  5  6  7 |
---------------+----------------------+-----
Dodging        | 1 2 3 |  3.2
Armour         | 2 3 |  3.5
Polearms       | 1 2 |  2.0
Evocations     | 1 2 |  2.4
Stealth        | 1 |  1.8
Spellcasting   | 1 |  1.6
Fighting       | 4 |  4.5
Axes           | 4 |  4.5
Alchemy        | 1 |  1.3

Action                     |  1- 3 |  4- 6 |  7- 9 || total
---------------------------+-------+-------+-------++-------
  Melee: Dagger            |    43 |   138 |    46 ||   227
         Hand axe          |    45 |   139 |    48 ||   232
  Evoke: Wand              |       |     1 |     5 ||     6
    Use: Scroll            |       |     5 |     8 ||    13
         Potion            |       |       |     7 ||     7
   Stab: Sleeping          |       |     3 |       ||     3
         Invisible         |       |     1 |     7 ||     8
         Petrifying        |       |     1 |       ||     1
         Petrified         |       |     3 |       ||     3
         Confused          |       |     1 |     1 ||     2
         Distracted        |       |       |     1 ||     1
 Armour: Leather armour    |    23 |    69 |       ||    92
         Chain mail        |       |    23 |       ||    23
         Fire dragon scale |       |    23 |    77 ||   100
         Skin              |       |       |    57 ||    57
  Dodge: Dodged            |    36 |    73 |    45 ||   154

Table legend: (Time is in decaauts)
 A = Elapsed time spent in this place.
 B = Non-inter-level travel time spent in this place.
 C = Inter-level travel time spent in this place.
 D = Time resting spent in this place.
 E = Time spent auto-exploring this place.
 F = Levels seen in this place.
 G = Mean time per level.
                   A        B        C        D        E       F      G
               +--------+--------+--------+--------+--------+-----+--------+
         Total |   3989 |   3828 |    161 |     86 |   3076 |   6 |  664.8 |
       Dungeon |   3987 |   3826 |    161 |     86 |   3076 |   5 |  797.4 |
        Temple |      1 |      1 |      0 |      0 |      0 |   1 |    1.0 |
               +--------+--------+--------+--------+--------+-----+--------+

Top non-repeatable levels by time:
     D:4: 1276 daAuts
     D:3: 894 daAuts
     D:1: 757 daAuts
     D:2: 723 daAuts
     D:5: 336 daAuts
  Temple: 1 daAuts
